AoeStats
← b站江条

Arabia

509571900Analyzed
1v1 RM · 5d ago on Sep 27, 2026· 48m 31s· 2 players
Game mode
Random Map
Map size
Tiny (2 player)
Population
200
Speed
Normal
Resources
Standard
Victory
Conquest
Starting age
Dark Age
Ending age
Imperial Age
RankedLock teamsTeams togetherTeam positionsShared explorationLock speedFull tech treeHidden civsTurbo modeCheats
Victory
Defeat
🇨🇳 Maya · China
1342
+15
🇩🇪 Lithuanians · Germany
1327
-15
LeoKiller225910
6:41 Loom
8:37 Feudal Age
9:20 Double-Bit Axe
11:10 Horse Collar
15:20 Forging
16:37 Fletching
21:18 Wheelbarrow
23:58 Castle Age
22:42 Bloodlines
22:51 Padded Archer Armor
23:43 Gold Mining
24:56 Bodkin Arrow
25:06 Elite Skirmisher
28:34 Scale Barding Armor
33:06 Town Watch
36:10 Leather Archer Armor
37:02 Stone Mining
41:20 Chain Barding Armor
48:23 Imperial Age
b站江条
0:26 Loom
9:36 Feudal Age
10:34 Double-Bit Axe
11:44 Horse Collar
12:37 Town Watch
17:59 Fletching
20:32 Gold Mining
23:22 Castle Age
22:34 Padded Archer Armor
23:23 Crossbowman
24:01 Bodkin Arrow
27:25 Heavy Plow
27:40 Bow Saw
28:14 Leather Archer Armor
36:34 Imperial Age
35:44 Ballistics
36:51 Arbalester
37:36 Bracer
38:43 Thumb Ring
41:00 Wheelbarrow
42:34 Guilds
43:21 Conscription
44:41 Chemistry
46:36 Two-Man Saw
46:07 Crop Rotation
47:06 Hand Cart
47:20 Town Patrol
Connection lost

Rejoining the realm…

Still unreachable

The connection could not be restored.

Session expired

The server has moved on; the page needs a fresh start.